 Dungeon Crawl Stone Soup version 0.27-a0-1301-g128193abf8 (webtiles) character file.

Game seed: 16908409379745527156

2 flotson the Sneak (level 1, -6/18 HPs)
             Began as a Demonspawn Delver on June 17, 2021.
             Killed from afar by an orc wizard (11 damage)
             ... with a magic dart
             ... on level 5 of the Dungeon.
             The game lasted 00:00:40 (356 turns).

flotson the Sneak (Demonspawn Delver)                Turns: 356, Time: 00:00:41

Health: -6/18      AC:  6    Str: 12    XL:     1   Next: 25%
Magic:  1/1        EV:  9    Int: 11    God:
Gold:   28         SH:  0    Dex: 14    Spells: 0/0 levels left

rFire    . . .     SeeInvis .   a - +0 hand axe
rCold    . . .     Faith    .   (no shield)
rNeg     . . .     Spirit   .   j - +0 scale mail
rPois    .         Reflect  .   (no helmet)
rElec    .         Harm     .   (no cloak)
rCorr    .         Rampage  .   (no gloves)
Will     .....                  (no boots)
Stlth    +.........             (no amulet)
HPRegen  0.06/turn              (no ring)
MPRegen  0.07/turn              (no ring)

@: no status effects
A: no striking features
a: no special abilities


You were on level 5 of the Dungeon.
You visited 1 branch of the dungeon, and saw 1 of its levels.

You collected 28 gold pieces.

Inventory:

Hand Weapons
 a - a +0 hand axe (weapon)
Armour
 j - a +0 scale mail (worn)
Wands
 g - a wand of digging (3)
Scrolls
 b - a scroll of enchant weapon {unknown}
 c - a scroll of fog
 d - a scroll of magic mapping
 h - 3 scrolls of identify {unknown}
Potions
 f - a potion of haste
 i - a potion of magic {unknown}


   Skills:
 + Level 3.0 Fighting
 + Level 1.8 Axes
 + Level 0.1 Armour
 + Level 1.8 Dodging
 - Level 4.5 Stealth


You couldn't memorise any spells.
You didn't know any spells.
Your spell library was empty.

Dungeon Overview and Level Annotations

Branches:
Dungeon (5/15)
 Temple: D:4-7

Altars:


Message History

You continue putting on your +0 scale mail. x5
You finish putting on your +0 scale mail.
Drop what? 10/52 slots (_ for help) (? for menu, Esc to quit)
You drop a +0 ring mail.
i - a green potion An orc comes into view.
It is wielding a +0 club.
The orc shouts!
You hear a shout!
The orc hits you with a +0 club.
You closely miss the orc.
An orc priest comes into view. It is wielding a +0 short sword.
The orc hits you with a +0 club.
You hit the orc.
The orc is almost dead.
The orc hits you with a +0 club.
You hit the orc.
You kill the orc!
The orc priest calls down the wrath of Beogh upon you.
Beogh smites you!
* * * LOW HITPOINT WARNING * * *
An orc comes into view. It is wielding a +0 hand axe.
The orc shouts!
You hear a shout!
As you read the scroll of fear, it crumbles to dust.
You assume a fearsome visage.
The orc priest looks frightened!
The orc looks frightened!
An orc wizard comes into view. It is wielding a +0 dagger.
The orc wizard shouts!
The orc wizard casts a spell at you. The puff of flame misses you.
The orc wizard points at you and mumbles some strange words.
You are confused.
You're too confused to move!
The orc wizard casts a spell.
The orc wizard flickers and vanishes!
Deactivating autopickup; reactivate with Ctrl-A.
You bump into the rock wall.
You feel less confused.
A magic dart appears from out of thin air!
The magic dart hits you!
Ouch! That really hurt!
You die...

######## #........# #...
#......########........#
#...
....[.........'........#
#...
#.###...#######........#
##...
#.....##.....######.##
#.... ###.##..##.###.#
#.# ###.###
..#.##..##.###.### #.#
#......
#.#.##......{....# #.#
#.##.##
).......##.##.##@####.#
#.##..[
#.#.######.#..........#
###'##### #.#.#
#.#..##.###### #.....#
#.#.# #.#.....# #<#
#.....# #.#.# #.#...###
#.# #.....# #.#.#
#.#...######.# #.....#
#.#.. ..#..........#
#.....#
#.##########.#.########
#.....#
#................#
#.....#


There were no monsters in sight!

Vanquished Creatures
  An orc (D:5)
1 creature vanquished.

Notes
Turn   | Place    | Note
-------+----------+-------------------------------------------
     0 | D:5      | flotson the Demonspawn Delver began the quest for the Orb.
     0 | D:5      | Reached XP level 1. HP: 18/18 MP: 1/1
   334 | D:5      | Noticed an orc priest
   338 | D:5      | Noticed an orc wizard
   356 | D:5      | Killed from afar by an orc wizard

Illustrated notes

Levels and vault maps discovered:
D:5:      layout_basic, kennysheep_nub

Action                   || total
-------------------------++-------
Melee: Hand axe          ||     3
  Use: Scroll            ||     1
Dodge: Dodged            ||     1

Table legend: (Time is in decaauts)
 A = Elapsed time spent in this place.
 B = Non-inter-level travel time spent in this place.
 C = Inter-level travel time spent in this place.
 D = Time resting spent in this place.
 E = Time spent auto-exploring this place.
 F = Levels seen in this place.
 G = Mean time per level.
                   A        B        C        D        E       F      G
               +--------+--------+--------+--------+--------+-----+--------+
         Total |    356 |    356 |      0 |      0 |    294 |   1 |  356.0 |
       Dungeon |    356 |    356 |      0 |      0 |    294 |   1 |  356.0 |
               +--------+--------+--------+--------+--------+-----+--------+

Top non-repeatable levels by time:
     D:5: 356 daAuts
